[Event "Asian Amateur-ch Open 2022"]
[Site "Muscat"]
[Date "2022.10.05"]
[Round "9.5"]
[White "Shelke Omkar"]
[Black "Dadabaev, Zhanybek"]
[Result "0-1"]
[ECO "D02"]
[WhiteElo "1460"]
[BlackElo "1902"]
[Annotator "TA"]
[PlyCount "140"]
[EventDate "2022.09.29"]
[EventType "swiss"]
[EventCountry "OMN"]
[SourceTitle "playchess.com"]
[Source "ChessBase"]
[SourceQuality "1"]
[TimeControl "5400+30"]

1. d4 d5 2. e3 e6 3. Nf3 c5 4. Ne5 Nc6 5. f4 Nf6 6. Bd3 {[%emt 0:06:32] D02: 1 d4 d5 2 Nf3 sidelines, including 2...Nf6 3 g3 and 2...Nf6 3 Bf4.} (6. c3 $11) 6... cxd4 $17 7. Nxc6 bxc6 8. exd4 {[%emt 0:00:01] Black is better.} Qb6 9. c3 c5 {[%emt 0:04:59] [#]} 10. Qa4+ $146 (10. a4 $142) ({Predecessor:} 10. dxc5 Bxc5 11. Qe2 a5 12. Nd2 a4 13. Rb1 O-O 14. Nf3 Qc7 15. Ne5 a3 16. b3 {0-1 (39) Pieper,H (1670)-Link,U (2205) Wattens 1998}) 10... Bd7 11. Qa6 Qc7 ({Stronger than} 11... cxd4 12. Qxb6 axb6 13. cxd4 $17) 12. O-O Rb8 {[%emt 0:01:38] Inhibits Bb5.} 13. Be2 Bd6 14. Qd3 O-O 15. g4 (15. Qe3 $17) 15... cxd4 16. cxd4 Bb5 17. Qf3 Bxe2 18. Qxe2 Qb6 19. Rd1 Ne4 20. Nc3 Nxc3 21. bxc3 Rfc8 22. Bd2 Qc7 23. Qe3 Rb2 24. Rf1 Rcb8 ({Black should play} 24... g5 $19 25. fxg5 Bxh2+ 26. Kh1 Qg3 27. Qxg3 Bxg3) 25. Rf2 Qe7 {[%emt 0:20:25] Black has more active pieces. The white rooks are badly placed.} 26. a4 f5 (26... Rb1+ $17 27. Rxb1 Rxb1+ 28. Kg2 Ra1) 27. Re1 Rb1 28. Rfe2 Rxe1+ (28... fxg4 {seems wilder.} 29. Bc1 Bc7 30. Qg3 Qf7) 29. Rxe1 fxg4 {[%emt 0:02:58] Threatens to win with ...Kf7.} 30. Qxe6+ Qxe6 31. Rxe6 {[%emt 0:00:02][%mdl 4096] Endgame KRB-KRB} Rd8 (31... Rb1+ $15 32. Kf2 Bb8) 32. f5 $11 Kf7 33. Bg5 Rd7 34. Kg2 h6 35. Bh4 Bf4 36. Bg3 Bd2 (36... g5 $11 {remains equal.}) 37. Be5 h5 $1 38. Rg6 Kf8 39. h3 gxh3+ 40. Kxh3 Rf7 $1 41. Bd6+ Kg8 42. Be5 Kh7 (42... Bxc3 $2 43. f6 $18) 43. Kh4 Bh6 44. Rd6 Rxf5 45. Rxd5 Bd2 46. c4 Be1+ 47. Kh3 {[%emt 0:00:18] Black must now prevent Rd7.} g5 48. Rd7+ Kg6 49. Rg7+ Kh6 {[%emt 0:00:18][%cal Of5e5] Hoping for ...Rxe5!} 50. Rxa7 {[%emt 0:00:56] Strongly threatening Ra6+.} Rf2 {[%emt 0:00:14] And now ...g4+ would win.} 51. Ra6+ Kh7 52. Ra7+ Kg6 (52... Kh6 $5 53. Ra6+ $8 Kh7 54. Ra7+ Kg6 55. Ra6+ Kh7 $11) 53. Ra6+ $1 Kf7 (53... Kh7 $5 54. Ra7+ $8 Kg6 55. Ra6+ Kh7 $11) 54. Ra7+ Ke6 (54... Kg6 $5 55. Ra6+ $8 Kh7 56. Ra7+ Kg6 $11) 55. d5+ $2 {[%emt 0:00:51][%mdl 8192] [#]} (55. Rg7 $11 g4+ 56. Kh4 Rf5+ 57. Bg3 Bxg3+ 58. Kxg3) 55... Kxe5 {[%emt 0:01:29] KRB-KR} 56. Re7+ Kf4 57. Rf7+ Ke3 58. Re7+ Kd2 {[%emt 0:00:23] ( -> ...g4+)} 59. Rxe1 Kxe1 $19 {[%emt 0:00:01] KR-K3P} 60. d6 Rc2 61. a5 Rc3+ 62. Kg2 Ra3 63. c5 Rxa5 $2 {[%emt 0:00:27] KR-KPP} (63... h4 {mates} 64. d7 Rd3 65. d8=B Rxd8 66. Kh3 Rd3+ 67. Kg4 h3 68. Kf5 h2 69. Ke4 Rd7 70. Kf5 h1=Q 71. Kg6 Qd5 72. a6 Rf7 73. Kh6 Qf5 74. Kh5 Rh7#) 64. d7 $11 Ra2+ 65. Kg3 h4+ 66. Kh3 Ra3+ 67. Kh2 $2 {[%emt 0:00:41][%mdl 8192] [#]} (67. Kg4 $11 Rg3+ 68. Kf5) 67... Rd3 $1 {[%emt 0:00:30] Black mates.} 68. c6 g4 ({Weaker is} 68... Rd2+ 69. Kh3 $11) 69. c7 Kf2 70. d8=Q Rh3# {[%emt 0:01:21] Weighted Error Value: White=0.32/Black=0.11 (very precise)} 0-1

[Event "Asian Amateur-ch Open 2022"]
[Site "Muscat"]
[Date "2022.10.05"]
[Round "9.6"]
[White "Atharv Bansal"]
[Black "Shreyas Seshadri Nallore"]
[Result "0-1"]
[ECO "D00"]
[WhiteElo "1164"]
[BlackElo "1791"]
[Annotator "NA RC COMBH"]
[PlyCount "120"]
[EventDate "2022.09.29"]
[EventType "swiss"]
[EventCountry "OMN"]
[SourceTitle "playchess.com"]
[Source "ChessBase"]
[SourceQuality "1"]
[TimeControl "5400+30"]

1. d4 Nf6 2. Nc3 d5 3. f3 e6 4. e4 dxe4 5. fxe4 Bb4 6. Bg5 h6 7. Bxf6 Qxf6 8. Nf3 c5 9. Bb5+ Bd7 10. O-O cxd4 11. Nxd4 Qe5 12. Qd3 Bc5 13. Bxd7+ Nxd7 14. Rad1 Rd8 15. Kh1 O-O 16. Nf3 Qc7 17. Qe2 Nf6 18. Nd2 Bd4 19. Ndb1 Be5 20. g3 Qb6 21. b3 Qc6 22. Rd3 Bxc3 23. Nxc3 Rxd3 24. Qxd3 Rc8 25. Rf3 Ng4 26. Qd4 f5 27. h3 Nf6 28. Re3 fxe4 29. Nxe4 Nxe4 30. Rxe4 Qxc2 31. Rxe6 Qb1+ 32. Kg2 Qxa2+ 33. Kf3 Qxb3+ 34. Re3 Rf8+ 35. Kg4 Qf7 36. Qe4 Kh8 37. h4 Qd7+ 38. Qe6 Qd1+ 39. Kh3 Qf1+ 40. Kg4 b5 41. Qd7 Qc4+ 42. Kh3 Qc8 43. Re7 Qxd7+ 44. Rxd7 a6 45. Rb7 Rf6 46. Kg4 Rc6 47. Kh5 Kh7 48. g4 Rd6 49. g5 Rc6 50. Kg4 hxg5 51. Kxg5 Rc5+ 52. Kg4 a5 53. Ra7 b4 54. Rb7 Rc4+ 55. Kg5 a4 56. Ra7 b3 57. Rb7 Rc5+ 58. Kg4 Ra5 59. Rb4 a3 60. Rxb3 a2 0-1

[Event "Asian Amateur-ch Open 2022"]
[Site "Muscat"]
[Date "2022.10.05"]
[Round "9.7"]
[White "Sharma Pankaj"]
[Black "Vijay Chauhan"]
[Result "1/2-1/2"]
[ECO "B10"]
[WhiteElo "1764"]
[BlackElo "1526"]
[Annotator "NA RC COMBH"]
[PlyCount "185"]
[EventDate "2022.09.29"]
[EventType "swiss"]
[EventCountry "OMN"]
[SourceTitle "playchess.com"]
[Source "ChessBase"]
[SourceQuality "1"]
[TimeControl "5400+30"]

1. e4 c6 2. c4 d5 3. exd5 cxd5 4. cxd5 Qxd5 5. Nc3 Qa5 6. Bc4 e6 7. Nf3 Nf6 8. O-O Be7 9. d4 O-O 10. a3 Nbd7 11. Bd2 Qh5 12. Ne5 Qxd1 13. Rfxd1 Nb6 14. Ba2 h6 15. Rac1 a6 16. g4 Rd8 17. g5 hxg5 18. Bxg5 Kf8 19. Ne2 Nfd5 20. Bd2 a5 21. Nc3 Nf6 22. Bg5 Nfd5 23. Bxe7+ Nxe7 24. Rd3 f6 25. Nc4 Nbd5 26. Ne3 Nf4 27. Rd2 Ra6 28. d5 exd5 29. Ncxd5 Nfxd5 30. Bxd5 Rad6 31. Rdc2 Nxd5 32. Rxc8 Nxe3 33. Rxd8+ Rxd8 34. fxe3 Ke7 35. Rc2 g5 36. Kf2 Ke6 37. Kf3 Rd1 38. a4 Rf1+ 39. Ke2 Ra1 40. Rc7 Rxa4 41. Rxb7 Rh4 42. Rb6+ Kf7 43. Rb5 Rxh2+ 44. Kf3 Kg6 45. Rxa5 Rxb2 46. Ra6 Rb1 47. Kf2 g4 48. Kg3 Rb4 49. Kf2 Re4 50. Ra8 Kf5 51. Ra7 Re5 52. Rg7 Re8 53. Ra7 Kg6 54. Ra4 Kg5 55. Ra7 Rh8 56. Ra5+ Kg6 57. Kg3 f5 58. Kf4 Rh3 59. Ra6+ Kf7 60. Kxf5 g3 61. Ra7+ Ke8 62. Rg7 Kf8 63. Rg4 Kf7 64. e4 Ke7 65. e5 Rh5+ 66. Ke4 Rh2 67. Rg7+ Ke6 68. Rg6+ Ke7 69. Rxg3 Re2+ 70. Kf4 Rf2+ 71. Ke3 Ra2 72. Kd4 Rd2+ 73. Ke4 Re2+ 74. Kd4 Rd2+ 75. Ke3 Ra2 76. Rg6 Ra4 77. Rf6 Rb4 78. Ra6 Rh4 79. Rd6 Ra4 80. Rd4 Rxd4 81. Kxd4 Ke6 82. Ke4 Ke7 83. Kf5 Kf7 84. e6+ Ke7 85. Ke5 Ke8 86. Kd5 Ke7 87. Ke5 Ke8 88. Kd6 Kd8 89. Kd5 Ke7 90. Ke5 Ke8 91. Kf6 Kf8 92. e7+ Ke8 93. Ke6 1/2-1/2

[Event "Asian Amateur-ch Open 2022"]
[Site "Muscat"]
[Date "2022.10.05"]
[Round "9.8"]
[White "Owlad, Ehsan"]
[Black "Madhusoodanan, K.R."]
[Result "0-1"]
[ECO "A54"]
[WhiteElo "1962"]
[BlackElo "1663"]
[Annotator "TA"]
[PlyCount "114"]
[EventDate "2022.09.29"]
[EventType "swiss"]
[EventCountry "OMN"]
[SourceTitle "playchess.com"]
[Source "ChessBase"]
[SourceQuality "1"]
[TimeControl "5400+30"]

1. d4 Nf6 2. Nf3 d6 3. g3 Nbd7 4. Bg2 e5 5. O-O Be7 6. c4 O-O 7. Nc3 c6 8. e4 Qc7 9. b3 Re8 10. Bb2 Bf8 11. Qc2 g6 {[%emt 0:01:42] A54: Old Indian Defence with Nf3, but without e4.} 12. Rad1 Bg7 13. dxe5 dxe5 {[%emt 0:02:13] White has an edge.} 14. Ba3 Bf8 {[%emt 0:01:25] [#] Inhibits Bd6.} 15. Qc1 $146 ({Predecessor:} 15. Bxf8 Nxf8 16. Qd2 Bg4 17. Qd6 Qe7 18. c5 a5 19. h3 Bxf3 20. Bxf3 Ne6 21. Qxe7 Rxe7 {0-1 (52) Otero,C-Bies,G San Fernando 1999}) 15... Qa5 ({Black should play} 15... Nc5 $11) 16. Bxf8 Nxf8 17. a3 (17. Rd6 $1 $14) 17... Bg4 $15 18. b4 Qc7 19. Qg5 Qe7 20. c5 Bxf3 21. Bxf3 Rad8 22. Ne2 Kg7 23. Bg2 (23. Nc1 {looks sharper.} a5 24. h4 h6 25. Qe3) 23... h6 24. Qc1 Ne6 25. Qc3 Ng5 (25... Nc7 $11) 26. f3 Qc7 27. h4 Ne6 28. Bh3 Nd4 $1 29. Kf2 Nxe2 30. Kxe2 Rd4 31. Rxd4 $2 (31. Rd2 $11 {and White has nothing to worry.}) 31... exd4 $19 32. Qxd4 {[%emt 0:00:00] [#] Qd6 is the strong threat.} Qxg3 33. Bd7 (33. Rh1 {was called for.}) 33... Re5 $2 (33... Rd8 34. e5 Nxd7 35. e6+ Qe5+ 36. Qxe5+ Nxe5) 34. Bc8 b6 35. h5 $2 {[%emt 0:00:00] This costs White the game.} (35. cxb6 $17 {is a better defense.} axb6 36. Rg1) 35... Qh2+ ({Not} 35... Rxh5 $2 36. Bb7 $19) 36. Kd3 Nxh5 37. Rf2 Qf4 38. cxb6 axb6 39. Qxb6 $2 (39. Bb7) 39... Qc1 {[%emt 0:00:50] [#] aiming for ...Nf4+.} 40. Qa7 c5 41. Rd2 Nf4+ 42. Ke3 Qg1+ 43. Rf2 g5 44. bxc5 Qe1+ 45. Kd4 Re8 46. Rb2 Rxc8 47. Rb7 Rd8+ 48. Kc4 Qe2+ 49. Kb4 Rd4+ 50. Ka5 Qa2 51. Kb6 Qb3+ 52. Kc6 Qe6+ 53. Kb5 Nd3 {[%emt 0:00:14] ( -> ...Qb3+)} 54. Re7 Qb3+ 55. Kc6 Ra4 56. Rxf7+ Qxf7 57. Qxa4 Qe8+ {[%emt 0:00:01] Weighted Error Value: White=0.89/Black=0.23 (precise)} 0-1

[Event "Asian Amateur-ch Open 2022"]
[Site "Muscat"]
[Date "2022.10.05"]
[Round "9.10"]
[White "Alharthi, Ahmed Mohammed A"]
[Black "Al Amari, Mohammed"]
[Result "1-0"]
[ECO "B13"]
[WhiteElo "1950"]
[BlackElo "1646"]
[Annotator "TA"]
[PlyCount "93"]
[EventDate "2022.09.29"]
[EventType "swiss"]
[EventCountry "OMN"]
[SourceTitle "playchess.com"]
[Source "ChessBase"]
[SourceQuality "1"]
[TimeControl "5400+30"]

1. d4 d5 2. Bf4 c5 3. e3 cxd4 4. exd4 Nc6 5. c3 f6 6. Bd3 {[%emt 0:01:55] [#] And now Qh5+ would win. B13: Caro-Kann: Exchange Variation and Panov-Botvinnik Attack.} e5 7. dxe5 (7. Qh5+ $11 Kd7 8. dxe5) 7... fxe5 $15 8. Qh5+ (8. Be3 $15) 8... g6 $17 9. Bxg6+ (9. Qe2 $17 {was forced.}) 9... hxg6 $19 10. Qxh8 exf4 11. Qxg8 Bf5 {[%emt 0:02:12] [#]} 12. Nf3 $146 (12. Nd2 $142 Qe7+ 13. Ne2) ({Predecessor:} 12. Qh7 Qb6 13. b3 O-O-O 14. Ne2 Re8 15. Qf7 Qd8 16. Nd2 Bd3 17. O-O Bxe2 18. Rfe1 {1-0 (38) Wong,Y (2381)-Ronka,E (2303) Chess.com INT 2021}) 12... Qe7+ 13. Kf1 {[%emt 0:00:37] [#]} O-O-O $1 {[%emt 0:00:46] aiming for ...Bd3+.} 14. Qh8 Bd3+ $2 ({Black should try} 14... Qe4 $19 {( -> ...Qd3+)} 15. h3 (15. Nbd2 $2 Qd3+ 16. Kg1 Bc5 $19) 15... Bc5) 15. Kg1 $15 Qe2 (15... d4 $1 $15 16. c4 Bg7 17. Qh3+ Bf5) 16. Nbd2 $11 Bc5 $1 {[%emt 0:02:20][%csl Gc5,LRf2,LRh8][%cal Re2f2] A strong pair of Bishops.} 17. Qh4 g5 $1 18. Qg4+ Kb8 (18... Kc7 $5 19. Rf1 $8 Ne5 20. Nxe5 Qxe5 $14) 19. Rf1 Be3 $2 {[%emt 0:19:44][%mdl 8192] White stays focused until the end.} (19... Ne5 $1 $14 20. Nxe5 (20. Qxg5 $2 Nxf3+ 21. gxf3 Bb6 $19) 20... Qxe5) 20. fxe3 $18 fxe3 21. Qg3+ Ka8 22. Re1 exd2 23. Rxe2 d1=Q+ 24. Re1 Qc2 25. Nxg5 Qd2 26. Ne6 {[%emt 0:01:07] White threatens Nc7+ and mate.} Rc8 27. Qf2 Qh6 28. Qe3 Qh7 29. Ng5 Qh4 30. g3 Qc4 31. Nf7 {[%emt 0:01:52] Black must now prevent Nd6.} Rf8 32. Nd6 Qa6 33. h4 Bh7 34. b4 Nb8 35. Ne8 Rxe8 36. Qxe8 Be4 37. Rxe4 dxe4 38. Qxe4 Qxa2 {[%emt 0:00:17][%mdl 4096] Endgame KQR-KQN} 39. Qe1 {[%emt 0:01:00] Hoping for h5.} a6 40. h5 {[%emt 0:00:59][%cal Bh4h5,Bh5h6,Bh6h7][%mdl 32] White mates.} Qf7 41. h6 Qh7 42. Rh4 Nd7 43. Qe8+ Ka7 44. Qe3+ Kb8 45. Qe4 Qg8 46. h7 Qxg3+ 47. Kf1 {[%emt 0:00:12] Weighted Error Value: White=0.38/Black=0.67} 1-0

[Event "Asian Amateur-ch Open 2022"]
[Site "Muscat"]
[Date "2022.10.05"]
[Round "9.11"]
[White "Thapa, Krishna"]
[Black "UMER S.M"]
[Result "1-0"]
[ECO "E62"]
[WhiteElo "1928"]
[BlackElo "1631"]
[Annotator "TA"]
[PlyCount "79"]
[EventDate "2022.09.29"]
[EventType "swiss"]
[EventCountry "OMN"]
[SourceTitle "playchess.com"]
[Source "ChessBase"]
[SourceQuality "1"]
[TimeControl "5400+30"]

1. d4 Nf6 2. c4 g6 3. g3 Bg7 4. Bg2 d6 5. Nc3 O-O 6. Nf3 c6 7. O-O Qa5 {[%emt 0:00:05] The old main line.} 8. e4 Qh5 9. Re1 Bg4 {[%emt 0:00:46] E62: King's Indian: Fianchetto: 6...c6 and Panno Variation (6...Nc6) without ...a6.} (9... e5 $14) 10. Qd3 e5 11. d5 cxd5 {[%emt 0:01:16] [#] White is slightly better.} 12. Nxd5 $146 ({Predecessor:} 12. cxd5 Na6 13. Qe3 Ne8 14. Nh4 Bd7 15. Bf3 Bg4 16. Bg2 Nb4 17. Qd2 g5 18. a3 gxh4 19. axb4 hxg3 20. hxg3 {0-1 (59) Ivoskaite,D (2008)-Asauskas,H (2384) Birstonas 2002}) 12... Nxd5 13. cxd5 Na6 14. Bd2 (14. Nh4 $1 $14 g5 15. Nf5) 14... Nc5 $15 15. Qa3 a5 16. h4 f5 {[%emt 0:03:17] ...b5 is the strong threat.} 17. Ng5 {[%emt 0:04:50] aiming for f3.} f4 $1 18. Rac1 Bh6 (18... Kh8 {with more complications.} 19. Ne6 Bxe6 20. dxe6 fxg3 21. fxg3 Nxe6 22. Rf1 Nd4) 19. gxf4 ({White should try} 19. Rxc5 $15 dxc5 20. d6 Bxg5 21. hxg5) 19... Qxh4 {[%emt 0:01:26] Hoping for ...Bxg5.} 20. Ne6 (20. Rxc5 $17 dxc5 21. Qg3 Qxg3 22. fxg3) 20... Bxe6 $19 ({And not} 20... Nxe6 21. dxe6 Bxf4 22. Bxf4 Rxf4 23. f3 $17) 21. dxe6 Bxf4 22. Bxf4 Rxf4 23. f3 Ra6 24. Red1 Qe7 25. Qe3 Nxe6 26. Rc8+ Kg7 27. Rdc1 Nc5 28. Qd2 Rf8 29. Rxf8 Qxf8 (29... Kxf8 30. f4 $17) 30. Qd5 {[%emt 0:00:25][%cal Oc1c5] And now Rxc5! would win.} Qe7 31. a3 a4 (31... Qg5 32. Rxc5 Qe3+ 33. Kh2 Qf4+ 34. Kh1 Qh6+ 35. Kg1 Qe3+ 36. Kh2 Qf4+ 37. Kh3 dxc5 38. Qxb7+ Kf6 39. Qxa6+ $14) 32. Rc3 Rb6 33. Rc2 Qg5 (33... Ne6 $142 {Threatens to win with ...Rb3.} 34. Qa5 Ra6) 34. f4 {[%emt 0:05:12] [#]} Qxf4 ({Better is} 34... Qg3 $1 $19 35. fxe5 Nd3 36. Rc7+ Kh8 37. Rc8+ (37. Qf7 Qe3+ 38. Kh2 Qf4+ 39. Qxf4 Nxf4 $17) 37... Kg7 38. Rc7+ Kh8 39. Rc8+ (39. Qf7 Qe3+ 40. Kh2 Qf4+ 41. Qxf4 Nxf4 $17) 39... Kg7 40. Rc7+) 35. Rf2 $1 $36 {[%emt 0:00:18][%mdl 2048] White is more active. Really sharp!} Qe3 36. Qf7+ Kh6 37. Qf8+ Kh5 38. Kh2 $2 (38. Kh1 $11 {and White has nothing to worry.} Qc1+ 39. Kh2 Rxb2 40. Bf3+ Kg5 41. Qe7+ Kh6 42. Qf8+ Kg5 43. Qe7+ Kh6 44. Qf8+ Kg5) 38... Nd3 $4 {[%emt 0:01:31][%mdl 8192] [#]} (38... Ne6 $19 39. Bf3+ Kh4 40. Qf6+ Ng5) 39. Bf3+ Kg5 40. Rg2+ {[%emt 0:00:44] Weighted Error Value: White=0.46/Black=0.44} 1-0

[Event "Asian Amateur-ch Open 2022"]
[Site "Muscat"]
[Date "2022.10.05"]
[Round "9.12"]
[White "Bagheri, Majid"]
[Black "Takenouchi, Atsushi"]
[Result "1-0"]
[ECO "B55"]
[WhiteElo "1870"]
[BlackElo "1629"]
[Annotator "NA RC COMBH"]
[PlyCount "55"]
[EventDate "2022.09.29"]
[EventType "swiss"]
[EventCountry "OMN"]
[SourceTitle "playchess.com"]
[Source "ChessBase"]
[SourceQuality "1"]
[TimeControl "5400+30"]

1. e4 c5 2. Nf3 d6 3. d4 cxd4 4. Nxd4 Nf6 5. f3 e5 6. Nb3 a5 7. a4 Be6 8. Bb5+ Nc6 9. Nc3 d5 10. Nxd5 Nxd5 11. exd5 Bxd5 12. O-O Qb6+ 13. Kh1 Rd8 (13... Bxb3 $11 14. cxb3 Bc5) 14. Qe2 Bd6 15. c4 (15. Be3 $18 Qc7 16. Qf2) 15... Be6 16. c5 (16. Be3 $16 Qc7 17. Qf2) 16... Bxc5 17. Nxc5 Qxc5 18. Be3 Qb4 $1 19. Rac1 Rc8 $2 (19... f6 $14) 20. Rfd1 Bb3 $2 (20... f6) 21. Bc5 Qf4 22. Re1 $2 (22. Qd3 Be6 23. Qd6) 22... f6 23. Qd3 (23. Bxc6+ $18 bxc6 24. Qa6) 23... Bxa4 $2 {[%emt 0:06:04] [#]} (23... Be6 $16) 24. Qd6 $1 Bxb5 25. Qe6+ Kd8 26. Red1+ Bd3 27. Rxd3+ Nd4 28. Qe7# 1-0

[Event "Asian Amateur-ch Open 2022"]
[Site "Muscat"]
[Date "2022.10.05"]
[Round "9.13"]
[White "Al Zadjali, Abdul Rahman"]
[Black "Salim Mohammed, Salim Al Amri"]
[Result "0-1"]
[ECO "E81"]
[WhiteElo "1534"]
[BlackElo "1952"]
[Annotator "TA"]
[PlyCount "118"]
[EventDate "2022.09.29"]
[EventType "swiss"]
[EventCountry "OMN"]
[SourceTitle "playchess.com"]
[Source "ChessBase"]
[SourceQuality "1"]
[TimeControl "5400+30"]

1. d4 Nf6 2. c4 g6 3. Nc3 Bg7 4. e4 d6 5. Nge2 Nbd7 6. f3 e5 7. Bg5 h6 8. Be3 O-O 9. Qd2 {[%emt 0:01:03] E81: King's Indian: Sämisch: 6th move deviations (including 6 Be3 c6).} Kh7 10. d5 Nb6 11. Nc1 {[%emt 0:03:41] White is better.} c6 {[%emt 0:00:10] [#]} 12. Be2 $146 ({Predecessor:} 12. Bd3 cxd5 13. cxd5 Bd7 14. a4 Nc8 15. Bb5 a6 16. Bxd7 Nxd7 17. O-O Ne7 18. Nd3 {1-0 (49) Garcia,P (2305)-Gonzalez,G (2215) Gran Canaria 1989}) 12... cxd5 13. cxd5 Bd7 14. O-O Rc8 15. b3 Nh5 16. Nb5 (16. a4 $14) 16... Bxb5 $11 17. Bxb5 Nf4 18. a4 a6 19. Bd3 {[%emt 0:01:13] [#]} (19. Be2 $11) 19... Nd7 (19... Nfxd5 $1 $15 {stays ahead.} 20. exd5 e4 21. Bxa6 (21. Bxe4 Bxa1 22. Qb4 Nd7 $17) 21... bxa6) 20. b4 ({White should play} 20. Bb1 $1 $16) 20... f5 21. Nb3 Nxd3 (21... fxe4 {is interesting.} 22. Bxe4 Rc3 23. Rab1 Qg5) 22. Qxd3 f4 (22... fxe4 $11 23. fxe4 Rc7) 23. Bf2 $16 g5 24. Na5 Qc7 25. Qd2 h5 (25... Nf6 $14) 26. Rfc1 Qb8 27. h3 (27. Rcb1 $16) 27... g4 $14 28. Bh4 (28. fxg4 $14 hxg4 29. hxg4) 28... Bf6 29. Rxc8 (29. Be1 $11) 29... Rxc8 $15 30. Bxf6 (30. Bf2 $15) 30... Nxf6 $17 31. Rc1 $2 (31. Kh2 $17 {was worth a try.}) 31... Qa7+ $19 32. Kf1 {[%emt 0:05:22] [#]} gxh3 $1 33. gxh3 (33. Rxc8 $2 h2 34. Qf2 h1=Q+ $19) 33... Qd4 $2 $40 {[%emt 0:05:55][%mdl 128] Black has some attack.} (33... Rg8 $1 $19 {( -> ...Qg1+)} 34. Qf2 b6) 34. Ke2 $1 $11 (34. Rd1 Qb6 35. Kg2 Rg8+ 36. Kh1 Rg3 $19) 34... Rxc1 35. Qxc1 {[%emt 0:00:05][%mdl 4096] Endgame KQN-KQN} Qb6 36. Qc3 h4 37. Nc4 (37. Kf1 $11) 37... Qc7 $1 $17 (37... Qg1 $6 38. Nxd6 Qg2+ 39. Kd1 Qf1+ 40. Kc2 Qxh3 41. Qxe5 (41. Nxb7 $2 Qg2+ 42. Kb3 h3 $19) 41... Qg2+ 42. Kc1 Qh1+ 43. Kd2 Qg2+ 44. Ke1 (44. Kc1 Qh1+ 45. Kd2 Qg2+ 46. Ke1 Qg1+ 47. Kd2 Qg2+ $11) 44... Qg1+ 45. Kd2 Qg2+ 46. Ke1 (46. Kc1 Qh1+ 47. Kd2 Qg2+ $11) 46... Qg1+ 47. Kd2 Qg2+ $11) 38. Kd3 (38. b5 $1 $15) 38... Qd7 $1 39. Kd2 $2 (39. Nxe5 $17 {was called for.} dxe5 40. Qxe5) 39... b5 $2 ({Inferior is} 39... Qxh3 40. Nxd6 Nd7 41. Qc7 $11 (41. Qd3 $2 Qg2+ 42. Ke1 h3 $19)) ({Better is} 39... Kg6 $1 $19 40. Qxe5 dxe5 41. Nxe5+ Kg5 42. Nxd7 Nxd7) 40. axb5 $11 axb5 41. Nxe5 dxe5 $19 42. Qxe5 Kg6 43. Qxf4 Qxh3 {[%emt 0:00:22] White must now prevent ...Qg2+.} 44. d6 (44. e5 $142 Nh5 45. Qe4+ Qf5 46. Qxh4 Qxe5 47. Qg4+ Kf6 48. Qh4+ Kf7 49. Qg4) 44... Qg2+ $1 ({Don't go for} 44... Qe6 $2 45. Ke1 $19) 45. Kd3 (45. Ke3 $142 Qg5 46. Qxg5+ Kxg5 47. Kf2) 45... Qf1+ $2 (45... Qg5 46. Qh2 Nd7) 46. Kd2 Qg2+ $2 (46... Qf2+ 47. Kd1 Qd4+ 48. Ke2 Kf7) 47. Kd3 $1 Qg5 $1 48. Qh2 Qc1 $2 (48... Qg3 $19 {is more deadly.} 49. Qxg3+ hxg3) 49. Qxh4 $17 Qc4+ (49... Qd1+ $1 $17 50. Kc3 Qxd6) 50. Ke3 $11 Qxb4 {[%emt 0:07:03] Chess con chili.} 51. Qg3+ Kf7 {[%emt 0:02:53] Hoping for ...Qc3+.} 52. Qe5 {[%emt 0:00:22] Inhibits Qc3+.} Qe1+ 53. Kf4 {[%emt 0:00:18] And now Kf5 would win.} Qe2 54. Qd4 (54. Qe7+ $11 Kg6 55. Qe6) 54... Qh2+ $17 55. Ke3 {[%emt 0:01:28] [#]} Ke6 $1 56. Qb4 {[%emt 0:01:08] [#]} (56. Qd3 $17 {was necessary.}) 56... Qe5 $1 $19 ({Stronger than} 56... Qxd6 57. Qxb5 Qg3 58. Qc4+ Ke7 59. e5 Qxe5+ 60. Kd2 $15) 57. Qd4 {[%emt 0:08:43] Against Nd5+} Qg3 58. Qd1 $2 (58. d7 $17 {is a better chance.} Qe1+ 59. Kd3 Qd1+ 60. Kc3 Qa1+ 61. Kd3 Qb1+ 62. Kc3 Nxd7 63. f4) 58... Ng4+ 59. Ke2 (59. Kd2 $19 Qxd6+ 60. Ke1 Qg3+ 61. Kd2) 59... Qh2+ {[%emt 0:00:53] Weighted Error Value: White=0.70/Black=0.48} 0-1

[Event "Asian Amateur-ch Open 2022"]
[Site "Muscat"]
[Date "2022.10.05"]
[Round "9.14"]
[White "Shamas Salim Ahmed"]
[Black "Sharaf, Khaleel"]
[Result "0-1"]
[ECO "D02"]
[WhiteElo "1663"]
[BlackElo "1874"]
[Annotator "NA RC COMBH"]
[PlyCount "108"]
[EventDate "2022.09.29"]
[EventType "swiss"]
[EventCountry "OMN"]
[SourceTitle "playchess.com"]
[Source "ChessBase"]
[SourceQuality "1"]
[TimeControl "5400+30"]

1. d4 Nf6 2. b3 d5 3. Nf3 Bf5 4. Nbd2 h6 5. Bb2 e6 6. a3 Nbd7 7. e3 Be7 8. Be2 c5 9. O-O Rc8 10. c4 O-O 11. Ne5 (11. cxd5 $14 exd5 12. dxc5) 11... Ne4 (11... dxc4 $15 12. Nxd7 Nxd7 13. bxc4 Qb6) 12. f3 (12. Nxd7 $11 Qxd7 13. Nxe4 Bxe4 14. dxc5) 12... Nxd2 13. Qxd2 Nxe5 14. dxe5 dxc4 15. Qxd8 Rfxd8 16. Bxc4 Bd3 (16... b5 $5 17. Bxb5 Bd3 $15) 17. Rfd1 Bxc4 18. bxc4 Kf8 19. Kf1 Ke8 20. Ke2 Rxd1 21. Rxd1 Rd8 22. Rd3 a6 23. a4 Rxd3 24. Kxd3 Kd7 25. g4 (25. a5 $11) 25... Kc6 26. f4 (26. a5 $11) 26... g6 (26... b5 $15) 27. e4 (27. a5 $11) 27... b5 28. axb5+ axb5 29. f5 (29. Bc1 $15) 29... Bg5 30. h3 $2 (30. Bc3 $17 {is a better chance.}) 30... Kb6 $2 (30... b4 $19 {has better winning chances.} 31. Kc2 Kb6) 31. Bc3 h5 32. gxh5 gxh5 33. Bb2 $2 (33. Be1 $17) 33... b4 34. Kc2 Kc6 (34... Bf4 $142 35. Kb3 Ka5 36. f6 Bg5 37. Ba1 Be3 38. Bb2 Bf4 39. Ba1 Be3 40. Bb2 Bf4 41. Kc2 Ka4 42. Ba1 Bg5 43. Kd3 Bf4 44. Bb2 Kb3 45. Ba1 Ka2 46. Bc3 bxc3 47. Kxc3 Ka3 48. h4 Bxe5+ 49. Kc2 Kb4 50. Kd3 Kb3 51. Ke3 Kxc4 52. Ke2 Kb3 53. Kf2 c4 54. Ke2 c3 55. Ke3 c2 56. Kd2 Bd4 57. e5 Bg1 58. Kd3 c1=Q 59. Ke2 Qc2+ 60. Kf3 Qf2+ 61. Ke4 Qf5#) 35. Kd3 Kd7 36. Ke2 Ke7 (36... Bh6 $142 37. Kd1 Kc6) 37. f6+ Kd7 38. Kd3 Kc6 39. Kc2 Bf4 40. Kb3 Be3 41. Ka4 Kb6 42. Ba1 Bd2 (42... Bc1 $142 43. Kb3 Ka5 44. Kc2 Be3 45. Kd3 Bf4 46. Ke2 Ka4 47. Kf3 Bg5 48. Ke2 Bf4 49. Kf3 Bc1 50. Ke2 Kb3 51. Kf3 Ka2 52. Bd4 cxd4 53. c5 b3 54. c6 b2 55. c7 b1=Q 56. c8=Q Qd3+ 57. Kg2 Qe2+ 58. Kg3 {[#]} Bf4+ $1 59. Kh4 Qf2+ 60. Kxh5 Qf3+ 61. Kh4 Qg3+ 62. Kh5 Qxh3#) 43. Kb3 Ka5 44. Bb2 h4 45. Kc2 Bc3 46. Bxc3 bxc3 47. Kb3 c2 $1 48. Kxc2 Kb4 49. Kd3 Kb3 50. Ke3 Kxc4 51. Kf4 Kd4 52. Kg5 Kxe5 53. Kxh4 c4 54. Kg4 c3 0-1